 Dungeon Crawl Stone Soup version 0.30.0-30-g96aa6591b8 (webtiles) character file.

Game seed: 17034365321736753782

17 ayyllmao the Cudgeller (level 2, 26/26 HPs)
             Began as a Gnoll Reaver on June 29, 2023.
             Quit the game on level 1 of the Dungeon.
             The game lasted 00:03:36 (1002 turns).

ayyllmao the Cudgeller (Gnoll Reaver)               Turns: 1002, Time: 00:03:36

Health: 26/26      AC:  3    Str: 11    XL:     2   Next: 62%
Magic:  7/7        EV: 12    Int: 12    God:
Gold:   43         SH:  0    Dex: 10    Spells: 9/10 levels left

rFire   . . .        a - +0 mace
rCold   . . .        (no shield)
rNeg    . . .        b - +0 leather armour
rPois   .            (no helmet)
rElec   .            (no cloak)
rCorr   .            (no gloves)
SInv    .            (no boots)
Will    .....        (no amulet)
Stlth   +            (no ring)
HPRegen 0.24/turn    (no ring)
MPRegen 0.10/turn

%: no passive effects
@: no status effects
A: fangs 1, strong nose, distributed training
a: no special abilities


You were on level 1 of the Dungeon.
You visited 1 branch of the dungeon, and saw 1 of its levels.

You collected 43 gold pieces.

Inventory:

Hand Weapons
 a - a +0 mace (weapon)
Armour
 b - a +0 leather armour (worn)
Scrolls
 d - 2 scrolls of identify {unknown}
 e - 2 scrolls of blinking {unknown}
 f - a scroll of fog {unknown}
Potions
 c - a potion of curing {unknown}


   Skills:
 + Level 4.5 Fighting
 + Level 0.5 Short Blades
 + Level 0.5 Long Blades
 + Level 0.5 Axes
 + Level 6.5 Maces & Flails
 + Level 0.5 Polearms
 + Level 0.5 Staves
 + Level 0.5 Ranged Weapons
 + Level 0.5 Throwing
 + Level 0.5 Armour
 + Level 4.5 Dodging
 + Level 0.5 Stealth
 + Level 0.5 Shields
 + Level 0.5 Unarmed Combat
 + Level 4.9 Spellcasting
 + Level 5.3 Conjurations
 + Level 0.3 Hexes
 + Level 0.3 Summonings
 + Level 0.3 Necromancy
 + Level 0.3 Translocations
 + Level 0.3 Transmutations
 + Level 0.3 Fire Magic
 + Level 0.3 Ice Magic
 + Level 0.3 Air Magic
 + Level 0.3 Earth Magic
 + Level 0.3 Poison Magic
 + Level 0.6 Invocations
 + Level 0.5 Evocations


You had 9 spell levels left.
You knew the following spells:

 Your Spells              Type           Power      Damage    Failure   Level
a - Kiss of Death         Conj/Necr      36%        2d8       9%          1

Your spell library contained the following spells:

 Spells                   Type           Power      Damage    Failure   Level
 Momentum Strike          Conj/Tloc      18%        3d8       12%         2
 Beastly Appendage        Tmut           6%         N/A       22%         1
 Hailstorm                Conj/Ice       9%         3d4       24%         3
 Wereblood                Tmut           3%         N/A       34%         2
 Spider Form              Tmut/Pois      3%         N/A       56%         3


Dungeon Overview and Level Annotations

Branches:
Dungeon (1/15)

Altars:


Innate Abilities, Weirdness & Mutations

You have very sharp teeth.
Your uncanny sense of smell can sniff out nearby items.
Your experience applies equally to all skills.


Message History

You sock the giant cockroach!
You kill the giant cockroach!
A kobold comes into view. It is wielding a +0 dagger.
The kobold shouts!
The kobold throws a stone.
The stone barely misses you.
You hit the kobold but do no damage. The kobold misses you.
You hit the kobold.
The kobold is moderately wounded.
The kobold hits you but does no damage.
You hit the kobold.
You kill the kobold!
Things that are here:
a +0 dagger; 2 stones; a kobold corpse
Found a leather armour.
You see here a +0 leather armour.
A quokka comes into view.
A quokka is nearby!
The quokka closely misses you.
You miss the quokka.
The quokka bites you but does no damage.
You sock the quokka!
You kill the quokka!
Found a stone staircase leading down.
Things that are here:
a +0 dagger; 2 stones; a kobold corpse Done exploring.
Done exploring.
You can't go down here!
You can't go up here!
Okay, then.
Unknown command.
Okay, then.
Unknown command.
Are you sure you want to abandon this character and quit the game? (Confirm with "yes".)

#.....#
#.###.############
#.#.....)........#
#.#.#.##########.#
#.....# #.#
###†### #.# .##.##
#.# ..>..# #.#
.##..# #@#
###..##### #.## #
#......# #..#
###.####.# ##.#
....# #.# #.#
##### #(# #.# #
#.# #.# ########.#
#.#
.........######
#.#


There were no monsters in sight!

Vanquished Creatures
  6 bats (D:1)
  An endoplasm (D:1)
  A giant cockroach (D:1)
  A hobgoblin (D:1)
  A quokka (D:1)
  3 goblins (D:1)
  2 kobolds (D:1)
  3 rats (D:1)
18 creatures vanquished.

Notes
Turn   | Place    | Note
-------+----------+-------------------------------------------
     0 | D:1      | ayyllmao the Gnoll Reaver began the quest for the Orb.
     0 | D:1      | Reached XP level 1. HP: 20/20 MP: 6/6
   235 | D:1      | Reached XP level 2. HP: 26/26 MP: 7/7
  1002 | D:1      | Quit the game

Illustrated notes

Levels and vault maps discovered:
D:1:      dpeg_arrival_subterranean_lakeside_camping, layout_loops_ring

Action                     || total
---------------------------++-------
  Melee: Mace              ||    58
         Bite              ||     7
 Armour: Leather armour    ||    31
  Dodge: Dodged            ||    34
